 Dungeon Crawl Stone Soup version 0.29.0-11-gd7f09526c8 (webtiles) character file.

Game seed: 17854529489813295173

4907 greasedhog the Chopper (level 10, -20/78 (84) HPs)
             Began as a Demigod Delver on Sept 4, 2022.
             Demolished by a komodo dragon (23 damage)
             ... on level 8 of the Dungeon.
             The game lasted 00:13:27 (8720 turns).

greasedhog the Chopper (Demigod Delver)             Turns: 8720, Time: 00:13:28

HP:   -20/78 (84)   AC: 14    Str: 21    XL:     10   Next: 6%
MP:   13/13         EV: 10    Int: 12    God:
Gold: 279           SH:  4    Dex: 19    Spells: 9/9 levels left

rFire   . . .      SeeInvis .   i - +1 war axe
rCold   . . .      Faith    .   m - +0 buckler
rNeg    . . .      Spirit   .   e - +0 chain mail
rPois   .          Reflect  .   j - +1 helmet
rElec   .          Harm     .   s - scarf {shadows}
rCorr   +          Rampage  .   A - +0 pair of gloves
Will    +....                   a - +0 pair of boots
Stlth   ..........              t - amulet of regeneration
HPRegen 1.03/turn               n - ring of resist corrosion
MPRegen 0.13/turn               (no ring)

@: brilliant, drained
A: high MP 1, forlorn, divine attributes, mutation resistance 1, sense
surroundings 1
a: no special abilities


You were on level 8 of the Dungeon.
You visited 1 branch of the dungeon, and saw 8 of its levels.

You collected 383 gold pieces.
You spent 104 gold pieces at shops.

Inventory:

Hand Weapons
 i - a +1 war axe (weapon)
 z - a +2 flail of protection
Missiles
 b - 2 throwing nets (quivered)
Armour
 a - a +0 pair of boots (worn)
 e - a +0 chain mail (worn)
 j - a +1 helmet (worn)
 m - a +0 buckler (worn)
 s - a scarf of shadows (worn)
 A - a +0 pair of gloves (worn)
Jewellery
 n - a ring of resist corrosion (left hand)
 r - a ring of wizardry
 t - an amulet of regeneration (around neck)
Wands
 g - a wand of digging (3)
 q - a wand of iceblast (19)
Scrolls
 c - a scroll of fog
 d - a scroll of magic mapping
 l - a scroll of enchant weapon
 o - 3 scrolls of teleportation
 p - a scroll of immolation
 u - a scroll of poison
 x - a scroll of vulnerability
 C - 2 scrolls of identify
Potions
 f - a potion of might {unknown}
 k - a potion of lignification
 v - a potion of flight {unknown}
 B - a potion of cancellation {unknown}
 D - a potion of resistance {unknown}
 E - a potion of brilliance


   Skills:
 * Level 6.8 Fighting
 - Level 2.4 Short Blades
 * Level 7.7 Axes
 - Level 6.0 Armour
 - Level 6.0 Dodging
 - Level 5.1 Stealth
 * Level 3.6 Evocations


You had 9 spell levels left.
You didn't know any spells.
Your spell library contained the following spells:

 Spells                   Type           Power      Damage    Failure   Level
 Sting                    Tmut/Pois      0%         1d3       98%         1
 Poisonous Vapours        Pois/Air       0%         N/A       99%         2
 Anguish                  Hex/Necr       0%         N/A       100%        4
 Olgreb's Toxic Radiance  Pois           0%         N/A       100%        4
 Summon Ice Beast         Ice/Summ       0%         N/A       100%        4
 Summon Mana Viper        Hex/Summ       0%         N/A       100%        5
 Enfeeble                 Hex            0%         N/A       100%        7
 Monstrous Menagerie      Summ           0%         N/A       100%        7


Dungeon Overview and Level Annotations

Branches:
Dungeon (8/15)             Temple (0/1) D:4            Lair (0/5) D:8

Shops:
D:1 !   D:2 *


Innate Abilities, Weirdness & Mutations

You have an increased reservoir of magic. (+10% MP)
You shall have no god before yourself.
Your divine heritage dramatically boosts your attributes as you level up.
You are somewhat resistant to further mutation.
You passively map a small area around you.


Message History

A komodo dragon comes into view.
The komodo dragon hisses angrily.
The komodo dragon bites you.
You hit the komodo dragon but do no damage.
The komodo dragon bites you!!
The komodo dragon completely misses you.
A wight comes into view. It is wielding a +2 flail.
You hit the komodo dragon.
The komodo dragon is lightly wounded.
A wight comes into view. It is wielding a +0 battleaxe.
The komodo dragon closely misses you.
You hit the komodo dragon.
The komodo dragon is lightly wounded.
The komodo dragon bites you!!
You are too injured to fight recklessly!
You are too injured to fight recklessly!
You are too injured to fight recklessly!
You are too injured to fight recklessly!
You are too injured to fight recklessly!
You are too injured to fight recklessly!
You are too injured to fight recklessly!
You are too injured to fight recklessly!
You are too injured to fight recklessly!
You are too injured to fight recklessly!
You are too injured to fight recklessly!
You are too injured to fight recklessly!
You are too injured to fight recklessly!
You are too injured to fight recklessly!
You barely miss the komodo dragon.
The komodo dragon is lightly wounded.
The komodo dragon bites you!
* * * LOW HITPOINT WARNING * * *
You slash the komodo dragon!
The komodo dragon is moderately wounded.
The komodo dragon bites you!!
* * * LOW HITPOINT WARNING * * *
It was a potion of brilliance.
You feel clever all of a sudden. The komodo dragon bites you!!
You die...

> ,# ###*######..* ##### *
..##.#...#., ###...#### *
##.#......# ...###...######
######.........k
###.#####..##.#
#.#z...).)...# , ###
#....)###..z.....#####
###..)..@l)..##.#..# *
############..##.# *,* ####
######### ####### ### ##..#
###....##.# #.# #.. ...##
#.........## #.# #.. .###
##......##..#######.####.. .#
#.......###.#.#.#.#.#..... .#
###.#..#####.#.#.#.#.#.#....
.#
##...........#.#.#.#.#.#..#.#


You could see a komodo dragon and 2 wights.

Vanquished Creatures
  Pikel (D:7)
  A komodo dragon (D:8)
  A hornet (D:8)
  3 wyverns (D:8)
  2 basilisks (D:8)
  Menkaure (D:7)
  A water moccasin (D:7)
  A swamp drake (D:8)
  2 ice beasts
  3 black bears
  2 orc warriors (D:7)
  An ogre (D:4)
  3 centaurs
  The ghost of VictoriousLee the Chiller, an amateur BaIE (D:4)
  A phantom (D:4)
  A lemure (D:7)
  3 gnoll sergeants
  3 scorpions
  2 necrophages (D:4)
  6 wights
  A killer bee (D:6)
  5 jellies
  An orc priest (D:7)
  4 hounds
  A gnoll bouda (D:3)
  3 iguanas
  7 orc wizards
  A mummy (D:5)
  Robin (D:3)
  20 gnolls
  5 adders
  2 white imps
  2 ufetubi (D:7)
  A dart slug (D:1)
  19 orcs
  9 ball pythons
  3 bats (D:3)
  2 endoplasms
  3 giant cockroaches
  9 hobgoblins
  5 jackals
  2 quokkas
  6 frilled lizards
  16 goblins
  5 kobolds
  3 rats (D:1)
175 creatures vanquished.

Vanquished Creatures (others)
  A fungus (D:1)
  6 plants
7 creatures vanquished.

Grand Total: 182 creatures vanquished

Notes
Turn   | Place    | Note
-------+----------+-------------------------------------------
     0 | D:5      | greasedhog the Demigod Delver began the quest for the Orb.
     0 | D:5      | Reached XP level 1. HP: 18/18 MP: 3/3
    27 | D:5      | Noticed a jelly
    44 | D:5      | Noticed a hound
    46 | D:5      | Noticed an iguana
    55 | D:5      | Noticed a jelly
    55 | D:5      | Noticed an iguana
    83 | D:4      | Found a staircase to the Ecumenical Temple.
    83 | D:4      | Noticed a necrophage
   115 | D:4      | Killed a necrophage
   116 | D:4      | Reached XP level 2. HP: 4/26 MP: 4/4
   116 | D:4      | Reached XP level 3. HP: 5/31 MP: 5/5
   888 | D:2      | Reached skill level 5 in Stealth
   923 | D:2      | Found Sumun Lofega's Assorted Antiques.
  1099 | D:2      | Reached XP level 4. HP: 33/38 MP: 6/6
  1580 | D:1      | Gained mutation: You are occasionally teleported next to
                  | monsters. [potion of mutation]
  1580 | D:1      | Gained mutation: You are strong-willed. (Will+) [potion of
                  | mutation]
  1580 | D:1      | Gained mutation: You are partially covered in iridescent
                  | scales. (AC +2) [potion of mutation]
  1814 | D:1      | Reached skill level 1 in Axes
  1875 | D:1      | Found Karphont's Distillery.
  1883 | D:1      | Bought a potion of heal wounds for 65 gold pieces
  1883 | D:1      | Bought a potion of curing for 39 gold pieces
  2327 | D:3      | HP: 1/38 [gnoll bouda/+0 club (6)]
  2330 | D:3      | Reached XP level 5. HP: 1/46 MP: 7/7
  2332 | D:3      | Reached skill level 1 in Armour
  2834 | D:3      | Reached skill level 2 in Axes
  3389 | D:3      | Noticed Robin
  3432 | D:3      | Killed Robin
  3862 | D:4      | Noticed a black bear
  3870 | D:4      | Killed a black bear
  3871 | D:4      | Reached XP level 6. HP: 45/52 MP: 8/8
  3951 | D:4      | Found a runed translucent gate.
  3951 | D:4      | Found a runed translucent gate.
  4061 | D:4      | Reached skill level 3 in Axes
  4199 | D:4      | Reached XP level 7. HP: 47/60 MP: 9/9
  4822 | D:4      | Found a runed translucent gate.
  4825 | D:4      | Noticed VictoriousLee's ghost (amateur BaIE)
  4846 | D:4      | Killed VictoriousLee's ghost
  4847 | D:4      | Reached skill level 5 in Fighting
  5328 | D:5      | Reached skill level 4 in Axes
  6065 | D:6      | Reached XP level 8. HP: 54/68 MP: 10/10
  6315 | D:6      | Reached skill level 5 in Axes
  6634 | D:6      | Reached skill level 5 in Armour
  7036 | D:7      | Noticed Pikel
  7074 | D:7      | Killed Pikel
  7075 | D:7      | Reached skill level 6 in Axes
  7075 | D:7      | Reached skill level 5 in Dodging
  7075 | D:7      | Reached XP level 9. HP: 33/74 MP: 11/11
  7348 | D:7      | Noticed Menkaure
  7369 | D:7      | Killed Menkaure
  7410 | D:7      | Lost mutation: You are strong-willed. (Will+) [potion of
                  | mutation]
  7410 | D:7      | Lost mutation: You are occasionally teleported next to
                  | monsters. [potion of mutation]
  7410 | D:7      | Lost mutation: You are partially covered in iridescent
                  | scales. (AC +2) [potion of mutation]
  7410 | D:7      | Gained mutation: You passively map a small area around you.
                  | [potion of mutation]
  7410 | D:7      | Gained mutation: You are somewhat resistant to further
                  | mutation. [potion of mutation]
  7564 | D:7      | Reached skill level 1 in Evocations
  7835 | D:8      | Paralysed by a hornet for 3 turns
  7842 | D:8      | Reached skill level 7 in Axes
  8016 | D:8      | Noticed a komodo dragon
  8021 | D:8      | Killed a komodo dragon
  8376 | D:8      | Reached XP level 10. HP: 56/84 MP: 13/13
  8719 | D:8      | HP: 2/78 [komodo dragon (19)]
  8720 | D:8      | Demolished by a komodo dragon

Illustrated notes

Levels and vault maps discovered:
D:1:      minmay_arrival_up_and_down, layout_rooms,
          dreamdust_ecumenical_altar_hidden_monk_grotto, serial_shops,
          nicolae_shop_trees
D:2:      layout_basic, serial_shops, nicolae_shop_overgrown_old_shop,
          minivault_27, nicolae_titane
D:3:      layout_loops_cross, mainiacjoe_overflow_alcove_1, grunt_ministairs_1,
          uniq_robin
D:4:      layout_loops_corners, minmay_temple_entry_tees,
          ebering_ghost_rock_garden
D:5:      layout_basic, slow_altar_2
D:6:      layout_basic, minmay_fountain_box, kennysheep_generic_room_5
D:7:      layout_gridville, hangedman_decor_diamond_cutter, serial_bayou_pond_e,
          uniq_pikel, uniq_menkaure
D:8:      layout_rooms, erik_lair_dragon, minivault_23

Skill      XL: |  1  2  3  4  5  6  7  8  9 |
---------------+----------------------------+-----
Fighting       | 3 4 5 6 |  6.8
Short Blades   | 2 |  2.4
Dodging        | 2 3 5 6 |  6.0
Stealth        | 5 |  5.1
Axes           | 1 2 3 4 6 7 |  7.7
Armour         | 2 3 4 5 6 |  6.0
Evocations     | 3 |  3.6

Action                   |  1- 3 |  4- 6 |  7- 9 | 10-12 || total
-------------------------+-------+-------+-------+-------++-------
Melee: War axe           |    48 |   204 |   420 |    37 ||   709
       Punch             |       |     2 |     5 |       ||     7
Evoke: Wand              |     2 |     2 |     7 |       ||    11
  Use: Scroll            |     1 |     5 |     5 |       ||    11
       Potion            |       |     6 |     6 |     1 ||    13
 Stab: Invisible         |       |     1 |     2 |       ||     3
Armor: Leather armour    |     3 |       |       |       ||     3
       Chain mail        |    38 |   169 |   334 |    16 ||   557
       Skin              |       |       |     5 |       ||     5
Dodge: Dodged            |    19 |   104 |   243 |    15 ||   381
Block: Buckler           |       |       |    10 |     8 ||    18
